Map: Romanticide LE

Players

JimRising - Winner!

  • Race: Zerg Zerg
  • League: Grandmaster

Cham

  • Race: Zerg Zerg
  • League: Master

Event: DreamHack SC2 Masters 2021 Summer

VOD

Have the link to the VOD?

Description

Time

  • Played on: May 20, 2021, 5:48 p.m.
  • Length: 12:32

All games in this series

Show
View Real Time Build Order
Export as new Build Order

JimRising Zerg - Winner!

Build Orders: Hatch First 

Get SALT Encoding   

  12  0:00  Drone  
  13  0:12  Overlord  
  13  0:16  Drone  
  14  0:31  Drone x2  
  16  0:47  Hatchery  
  15  0:52  Drone  
  15  0:55  Drone  
  17  0:58  Drone  
  18  1:12  Spawning Pool  
  18  1:14  Drone  
  18  1:18  Drone  
  18  1:22  Extractor  
  18  1:31  Drone  
  19  1:39  Drone  
  20  1:52  Drone  
  21  1:58  Queen x2  
  21  2:00  Overlord  
  25  2:01  Drone  
  26  2:10  Drone  
  26  2:13  Drone  
  28  2:21  Drone  
  29  2:23  Metabolic Boost  
  29  2:24  Zergling x2  
  30  2:31  Overlord  
  30  2:34  Queen, Drone  
  33  2:42  Drone  
  34  2:50  Drone  
  35  2:54  Overlord  
  35  3:01  Drone  
  36  3:07  Drone x3  
  36  3:08  Drone x5  
  44  3:13  Evolution Chamber  
  44  3:16  Roach Warren  
  42  3:21  Drone x2  
  43  3:30  Lair  
  43  3:32  Overlord  
  43  3:39  Zerg Melee Weapons Level 1  
  43  3:40  Evolution Chamber  
  42  3:49  Overlord  
  42  3:52  Evolution Chamber  
  42  3:54  Evolution Chamber  
  40  3:56  Roach x2  
  40  3:57  Zergling x6  
  49  4:04  Overlord  
  49  4:05  Zergling x6  
  49  4:07  Extractor  
  49  4:08  Extractor  
  50  4:15  Zergling x4  
  52  4:18  Zergling x6  
  52  4:19  Zergling x2  
  56  4:25  Zergling x2  
  56  4:26  Extractor  
  56  4:31  Zergling x4  
  56  4:32  Zergling x4  
  56  4:36  Zergling x2  
  61  4:44  Zergling x4  
  63  4:47  Drone x3, Spire  
  65  4:53  Zergling x2  
  65  4:58  Zergling x2  
  67  5:01  Zergling x4  
  67  5:02  Zergling x2  
  70  5:10  Zergling x4  
  72  5:16  Zergling x6  
  72  5:17  Zergling x2  
  76  5:29  Overlord x2  
  76  5:33  Overlord x2  
  76  5:45  Drone  
  68  6:00  Mutalisk  
  68  6:01  Mutalisk x7  
  63  6:13  Mutalisk  
  63  6:17  Drone x5  
  69  6:19  Zerg Flyer Weapons Level 1  
  69  6:20  Drone  
  69  6:23  Drone  
  71  6:31  Mutalisk  
  73  6:33  Zergling x2  
  73  6:35  Drone x3  
  77  6:48  Hatchery  
  76  6:56  Mutalisk x2  
  76  6:58  Mutalisk  
  82  7:10  Mutalisk  
  82  7:11  Zergling x8  
  82  7:12  Zergling x4  
  82  7:13  Mutalisk  
  90  7:20  Overlord  
  90  7:21  Zergling x4  
  92  7:24  Mutalisk  
  94  7:33  Mutalisk  
  94  7:35  Zergling x2  
  93  7:53  Zerg Melee Weapons Level 2  
  93  7:55  Drone x5  
  93  7:56  Drone  
  98  8:03  Mutalisk  
  98  8:04  Queen  
  98  8:05  Mutalisk  
  102  8:06  Overlord  
  102  8:13  Extractor  
  102  8:15  Extractor  
  102  8:17  Mutalisk  
  102  8:19  Zergling x10  
  105  8:22  Overseer  
  105  8:23  Drone  
  105  8:24  Drone x2  
  108  8:34  Baneling Nest  
  105  8:49  Drone x2  
  105  8:56  Mutalisk x3  
  105  8:57  Mutalisk  
  113  9:04  Mutalisk  
  113  9:06  Drone x3  
  113  9:07  Drone x3  
  113  9:08  Drone x3  
  124  9:14  Zerg Flyer Weapons Level 2  
  124  9:18  Hatchery  
  124  9:22  Extractor x2  
  121  9:24  Zergling x2  
  121  9:25  Zergling x6, Mutalisk  
  121  9:26  Zergling x2  
  128  9:34  Zergling x2  
  128  9:36  Overlord x2  
  124  9:53  Mutalisk  
  124  10:02  Zergling x12  
  124  10:03  Zergling x8  
  121  10:18  Drone  
  121  10:19  Drone x3  
  113  10:23  Zergling x16  
  113  10:27  Mutalisk  
  118  10:30  Centrifical Hooks  
  118  10:32  Mutalisk x3  
  117  10:37  Mutalisk x2  
  117  10:40  Queen, Drone x2  
  117  10:41  Drone  
  126  10:47  Baneling  
  126  10:48  Baneling x5  
  126  10:52  Mutalisk x3  
  132  11:00  Zergling x6  
  132  11:01  Zergling x10  
  140  11:08  Mutalisk x2  
  142  11:22  Baneling  
  142  11:23  Baneling x13  
  141  11:29  Drone x2  
  141  11:30  Drone x4  
  141  11:31  Zergling x6  
  150  11:35  Mutalisk  
  150  11:39  Infestation Pit  
  151  11:41  Zergling x2  
  151  11:42  Overlord x2  
  129  12:02  Zergling x2  
  129  12:03  Baneling  
  129  12:04  Baneling x14, Mutalisk  
  129  12:06  Mutalisk x2  
Show
View Real Time Build Order
Export as new Build Order

Cham Zerg 

Build Orders: Hatch First 

Get SALT Encoding   

  12  0:00  Drone  
  13  0:08  Drone  
  14  0:16  Overlord  
  14  0:35  Drone x2  
  16  0:47  Hatchery  
  15  0:51  Drone  
  15  0:54  Drone  
  17  0:57  Drone  
  18  1:09  Extractor  
  17  1:12  Spawning Pool  
  17  1:15  Drone  
  17  1:19  Drone  
  18  1:29  Drone  
  19  1:40  Drone  
  20  1:50  Drone  
  21  1:59  Queen x2  
  21  2:00  Zergling x2  
  21  2:01  Overlord  
  26  2:11  Metabolic Boost, Drone  
  26  2:12  Drone  
  28  2:20  Drone  
  29  2:23  Drone  
  30  2:32  Hatchery  
  29  2:42  Baneling Nest  
  28  2:44  Drone x2  
  28  2:45  Drone  
  28  2:50  Overlord  
  30  2:56  Drone  
  30  2:57  Drone  
  32  3:05  Overlord, Evolution Chamber  
  32  3:09  Drone  
  33  3:13  Zergling x8, Drone  
  33  3:15  Zergling x2  
  33  3:18  Zergling x2  
  40  3:26  Spore Crawler  
  39  3:29  Overlord  
  39  3:30  Zergling x2  
  41  3:34  Zerg Missile Weapons Level 1  
  41  3:36  Zergling x2  
  41  3:40  Overlord  
  42  3:44  Roach Warren, Drone  
  42  3:45  Drone  
  42  3:47  Drone  
  42  3:55  Drone  
  42  3:56  Drone x2  
  42  3:57  Drone x2  
  42  3:59  Drone  
  42  4:02  Drone  
  49  4:06  Overlord  
  49  4:12  Extractor x2  
  49  4:14  Lair  
  46  4:19  Drone x3  
  46  4:20  Zergling x2  
  46  4:22  Overlord  
  50  4:30  Drone x5  
  55  4:36  Drone x3  
  58  4:42  Overlord  
  58  4:43  Roach  
  60  4:48  Roach  
  60  4:50  Roach  
  64  4:53  Roach  
  64  4:59  Roach x2  
  70  5:01  Roach x2  
  70  5:02  Spine Crawler  
  70  5:03  Roach  
  70  5:05  Roach  
  77  5:08  Roach x2  
  77  5:13  Queen  
  83  5:15  Queen  
  83  5:19  Overlord  
  86  5:22  Queen  
  86  5:25  Roach  
  86  5:27  Overlord  
  90  5:29  Overlord  
  90  5:32  Zerg Missile Weapons Level 2  
  90  5:39  Overlord  
  90  5:40  Roach x2  
  90  5:41  Roach  
  96  5:44  Roach  
  96  5:49  Roach x3  
  104  5:52  Roach  
  104  5:54  Roach  
  105  5:58  Zergling x2, Roach  
  96  6:10  Hatchery  
  95  6:14  Glial Reconstitution  
  95  6:17  Roach x2  
  98  6:19  Roach  
  98  6:22  Overseer  
  98  6:23  Overlord  
  100  6:26  Roach  
  100  6:30  Roach  
  104  6:33  Overlord  
  104  6:35  Roach  
  104  6:38  Roach  
  104  6:39  Roach  
  110  6:41  Overlord  
  110  6:44  Roach  
  112  6:47  Overlord  
  112  6:50  Overlord  
  109  6:55  Drone x3  
  109  6:56  Drone  
  109  7:00  Spore Crawler  
  110  7:04  Spore Crawler  
  110  7:07  Drone x3  
  108  7:08  Drone  
  108  7:10  Drone  
  108  7:12  Drone  
  108  7:15  Drone  
  111  7:16  Drone  
  111  7:18  Drone  
  107  7:24  Overlord  
  107  7:26  Drone  
  105  7:34  Hydralisk Den  
  98  7:37  Roach x2  
  98  7:39  Roach  
  98  7:43  Spore Crawler  
  91  7:45  Spore Crawler  
  91  7:48  Spore Crawler x2  
  91  7:49  Roach, Zerg Ground Armor Level 1  
  91  7:51  Roach  
  72  7:54  Spore Crawler  
  72  7:56  Roach  
  72  7:57  Roach  
  69  8:00  Roach  
  69  8:03  Roach x2  
  75  8:10  Drone  
  75  8:11  Drone x5  
  77  8:13  Drone  
  77  8:14  Drone  
  77  8:17  Drone  
  77  8:18  Drone x2  
  81  8:20  Drone  
  82  8:29  Extractor x2  
  82  8:30  Infestation Pit  
  79  8:37  Drone x2  
  79  8:38  Drone x4  
  79  8:39  Roach  
  83  8:43  Extractor  
  83  8:45  Overlord  
  78  8:48  Hydralisk x2  
  78  8:53  Spore Crawler, Hydralisk  
  83  8:58  Hydralisk x2  
  86  9:05  Extractor  
  86  9:06  Extractor  
  86  9:07  Drone x3  
  86  9:12  Hydralisk  
  88  9:18  Lurker Den, Drone x2  
  88  9:19  Hydralisk x2  
  92  9:29  Roach x2  
  96  9:34  Hydralisk x2  
  96  9:35  Hydralisk  
  96  9:37  Drone  
  89  9:53  Hydralisk x2  
  84  10:01  Hydralisk x4  
  84  10:06  Hydralisk x2  
  85  10:15  Hydralisk x2  
  85  10:17  Drone  
  84  10:24  Drone x3  
  88  10:28  Lurker  
  88  10:34  Roach x2  
  80  10:39  Hydralisk  
  76  10:45  Drone x3  
  79  10:51  Drone x2  
  79  10:53  Drone  
  81  11:02  Lurker  
  81  11:03  Infestor  
  84  11:05  Drone x2  
  84  11:09  Drone  
  87  11:11  Drone x2  
  87  11:14  Extractor  
  80  11:20  Drone x2  
  80  11:21  Drone  
  78  11:31  Drone x2  
  80  11:36  Infestor  
  80  11:38  Infestor  
  54  12:01  Drone  
  54  12:02  Drone x8  
  54  12:06  Drone x2  
  54  12:08  Drone x3  
  59  12:18  Drone  
Tags
 
Add a new tag
Caveats
  • Supply blocks, unpowered buildings, or Contaminate may cause inaccurate times.
  • Supply counts are checked every 10 seconds.